 Dungeon Crawl Stone Soup version 0.21-a0-171-g0f4a3b6 (webtiles) character file.

527864 MackTheKnife the Lord of Darkness (level 26, -9/253 HPs)
             Began as a Naga Wizard on Aug 6, 2017.
             Was the Champion of Kikubaaqudgha.
             Mangled by a death scarab (24 damage)
             ... on level 2 of the Tomb of the Ancients on Aug 7, 2017.
             The game lasted 03:35:59 (65828 turns).

MackTheKnife the Lord of Darkness (Naga Wizard)    Turns: 65828, Time: 03:36:00

Health: -9/253     AC: 41    Str: 21    XL:     26   Next: 11%
Magic:  30/46      EV:  7    Int: 37    God:    Kikubaaqudgha [******]
Gold:   3180       SH: 22    Dex: 12    Spells: 14/55 levels left

rFire    + + +     SeeInvis +   b - +18 lance "Wyrmbane" {slay drac, rPois rF+ rC+ AC+3}
rCold    + + .     Gourm    .   a - +2 large shield {rN+}
rNeg     + + +     Faith    .   n - +5 ring mail of the Bagpipe {MR- rCorr Int+6}
rPois    +         Spirit   .   M - +2 helmet
rElec    +         Reflect  .   Q - scarf {repulsion}
rCorr    +         Harm     .   f - +1 pair of gloves
MR       ++++.                  Z - +3 naga barding of Good Intentions {rF+ rCorr}
Stlth    +++.......             V - amulet of Eremit {rC+ MR+ Regen+ Str+2 Int+4}
HPRegen  0.92/turn              U - ring "Wyigoxur" {rN++ AC+6 Int+4}
MPRegen  0.30/turn              z - ring "Lumninn" {rElec rF+ MR+ Dex+4}

@: very slightly contaminated, hasted, invisible, repel missiles, quick
A: see invisible, clever 1, clumsy 1, deformed body, fire resistance 1, high mp
1, poison resistance, slowness 2, slow metabolism 1, spit poison 1, constrict 1,
AC +8
}: 2/15 runes: decaying, silver
a: Spit Poison, Receive Corpses, Torment, Renounce Religion


You were on level 2 of the Tomb of the Ancients.
You worshipped Kikubaaqudgha.
Kikubaaqudgha was exalted by your worship.
You were not hungry.

You visited 11 branches of the dungeon, and saw 47 of its levels.
You visited the Abyss 1 time.
You also visited: Labyrinth, Trove, Ossuary and Desolation.

You collected 6492 gold pieces.
You spent 3312 gold pieces at shops.

Inventory:

Hand Weapons
 b - the +18 lance "Wyrmbane" (weapon) {slay drac, rPois rF+ rC+ AC+3}
   (You bought it in a shop on level 1 of the Vaults)

   It affects your AC (+3).
   It protects you from fire.
   It protects you from cold.
   It protects you from poison.
Armour
 a - a +2 large shield of positive energy (worn)
   (You found it in a treasure trove)
 f - a +1 pair of gloves (worn)
   (You found it on level 2 of the Dungeon)
 n - the +5 ring mail of the Bagpipe (worn) {MR- rCorr Int+6}
   (You found it on level 1 of the Vaults)

   It affects your intelligence (+6).
   It affects your resistance to hostile enchantments.
   It protects you from acid and corrosion.
 M - a +2 helmet (worn)
   (You found it on level 12 of the Dungeon)
 Q - a scarf of repulsion (worn)
   (You found it in a labyrinth)
 Z - the +3 naga barding of Good Intentions (worn) {rF+ rCorr}
   (You acquired it on level 2 of the Swamp)

   It protects you from fire.
   It protects you from acid and corrosion.
Jewellery
 z - the ring "Lumninn" (right hand) {rElec rF+ MR+ Dex+4}
   (You found it on level 13 of the Dungeon)

   [ring of protection from fire]

   It affects your dexterity (+4).
   It protects you from fire.
   It insulates you from electricity.
   It affects your resistance to hostile enchantments.
 G - the amulet of Zuptulil {Reflect +Fly rN+ Int-3 Slay+2 SH+4, unknown}
   (You found it on level 3 of the Crypt)

   [amulet of reflection]

   It shields you and reflects attacks.
   It affects your intelligence (-3).
   It affects your accuracy and damage with ranged weapons and melee attacks
   (+2).
   It protects you from negative energy.
   It lets you fly.
   It affects your SH (+4).
 H - an uncursed ring of flight {unknown}
   (You found it on level 1 of the Tomb of the Ancients)
 U - the ring "Wyigoxur" (left hand) {rN++ AC+6 Int+4}
   (You found it on level 13 of the Dungeon)

   [ring of protection]

   It affects your AC (+6).
   It affects your intelligence (+4).
   It greatly protects you from negative energy.
 V - the amulet of Eremit (around neck) {rC+ MR+ Regen+ Str+2 Int+4}
   (You found it in the Desolation of Salt)

   [amulet of regeneration]

   It affects your strength (+2).
   It affects your intelligence (+4).
   It protects you from cold.
   It affects your resistance to hostile enchantments.
   It increases your rate of regeneration.
Wands
 c - a wand of scattershot (1/9)
   (You found it on level 10 of the Dungeon)
 F - a wand of clouds (0/9)
   (You found it on level 3 of the Spider Nest)
Scrolls
 h - a scroll of fog
 k - 9 scrolls of amnesia
 o - 20 scrolls of remove curse
 r - 3 scrolls of magic mapping {!r}
 s - a scroll of identify
 u - a scroll of brand weapon
 w - 4 scrolls of recharging
 y - a scroll of fear
Potions
 g - 10 potions of curing
 p - 3 potions of mutation {!q}
 q - 2 potions of invisibility
 t - 5 potions of flight
 v - 2 potions of resistance
 x - 5 potions of berserk rage {!q}
 B - 7 potions of brilliance
 D - a potion of ambrosia
 I - 8 potions of lignification {!q}
 K - 4 potions of haste
 L - 5 potions of cancellation
 Y - 4 potions of agility
Miscellaneous
 C - a lamp of fire (inert)
   (You found it in the Desolation of Salt)
 E - a box of beasts
 O - 2 phantom mirrors
 R - a phial of floods
   (You found it in the Desolation of Salt)
 S - a lightning rod (4/4)
   (You found it in a labyrinth)
Comestibles
 d - 2 bread rations {@e1}
 i - 20 royal jellies
 l - 45 fruits
 m - 18 meat rations {@e2}


   Skills:
 + Level 17.8 Fighting
   Level 17.7(19.6) Axes
   Level 5.5(13.0) Maces & Flails
 - Level 14.4(17.8) Polearms
 + Level 8.8 Armour
 - Level 1.5 Dodging
 - Level 9.5 Stealth
 - Level 15.0 Shields
 - Level 15.4 Spellcasting
   Level 2.7 Conjurations
 - Level 6.7 Charms
 - Level 6.6 Summonings
 - Level 19.3 Necromancy
 - Level 1.0 Translocations
 - Level 3.8 Ice Magic
   Level 1.1 Air Magic
   Level 3.4 Poison Magic
 - Level 4.5 Evocations


You had 14 spell levels left.
You knew the following spells:

 Your Spells              Type           Power        Failure   Level  Hunger
a - Animate Skeleton      Necr           N/A          0%          1    None
b - Dispel Undead         Necr           ########     1%          5    None
c - Simulacrum            Ice/Necr       #######...   2%          6    None
e - Blink                 Tloc           N/A          1%          2    None
f - Death Channel         Necr           ########..   1%          6    None
g - Apportation           Tloc           #####.       1%          1    None
q - Aura of Abjuration    Summ           ######....   3%          5    None
r - Regeneration          Chrm/Necr      #######...   1%          3    None
A - Animate Dead          Necr           N/A          0%          4    None
R - Borgnjor's Revivific  Necr           ########..   4%          8    #####..


Dungeon Overview and Level Annotations

Branches:
Dungeon (15/15)            Temple (0/1) D:6            Lair (6/6) D:9
  Swamp (4/4) Lair:4       Spider (3/4) Lair:2        Slime (0/5) Lair:6
    Orc (2/2) D:9             Elf (3/3) Orc:2        Vaults (5/5) D:13
  Crypt (3/3) Vaults:3       Tomb (2/3) Crypt:3      Depths (3/5) D:15
   Hell (1/1)
    Dis: Hell:1         Geh: Hell:1         Coc: Hell:1         Tar: Hell:1

Altars:
Ashenzari
Elyvilon
Fedhas
Gozag
Kikubaaqudgha
Nemelex Xobeh
Okawaru
Qazlal
Sif Muna
Trog
Vehumet
Wu Jian
Xom
Zin
The Shining One
Beogh

Shops:
D:4 }   D:7 *   D:12 (   Orc:2 [([%   Elf:1 [=}?   Elf:2 [   Vaults:1 (
Vaults:5 %%[!

Portals:
Hell: Depths:1 Depths:2 Depths:3
Abyss: Depths:3
Pandemonium: Depths:3
Ziggurat: Depths:2

Annotations:
Swamp:2 exclusion: 2 oklob plants
Elf:2 3 runed doors
Elf:3 2 exclusions
Depths:1 exclusion: orange crystal statue


Innate Abilities, Weirdness & Mutations

You cannot wear boots.
Your serpentine skin is tough. (AC +8)
You have supernaturally acute eyesight. (SInv)
Armour fits poorly on your strangely shaped body.
Your system is resistant to poisons. (rPois)
You cover ground very slowly.
You have a slow metabolism.
You can spit poison.
You can use your snake-like lower body to constrict enemies.
Your mind is acute. (Int +2)
You are clumsy. (Dex -2)
Your flesh is heat resistant. (rF+)
You have an increased reservoir of magic. (+10% MP)


Message History

You block the death scarab's attack. The greater mummy hits you.
* * * LOW HITPOINT WARNING * * *
You block the mummy priest's attack.
The phantasmal warrior blinks!
You take 4 damage, and have 32/253 hp.
You now have 18/46 mp.
Unknown command.
Unknown command.
Unknown command.
Unknown command.
Unknown command.
Aim: a greater mummy (lightly damaged)
The greater mummy convulses!
The phantasmal warrior disappears in a puff of smoke!
You block the greater mummy's attack.
The flying skull avoids a huge, swinging blade.
The mummy priest calls on the powers of darkness!
Kikubaaqudgha partially shields you from torment!
Your body is wracked with pain!
* * * LOW HITPOINT WARNING * * *
You take 7 damage, and have 25/253 hp.
You now have 13/46 mp.
Unknown command.
Unknown command.
Unknown command.
Unknown command.
Unknown command.
Okay, then.
Unknown command.
Unknown command.
You blink.
The shadow wraith disappears in a puff of smoke!
The jiangshi shudders.
The death scarab closely misses you. You block the death scarab's attack.
You now have 11/46 mp.
Unknown command.
Unknown command.
Unknown command.
Unknown command.
Okay, then.
Unknown command.
Aim: a greater mummy (lightly damaged)
You create a blast of noxious fumes!
This wand has 0 charges left.
You feel yourself speed up.
The jiangshi disappears in a puff of smoke!
Your aura of abjuration expires.
The flying skull gives a hideous shriek!
You block the death scarab's attack. The death scarab bites you.
* * * LOW HITPOINT WARNING * * *
The death scarab drains your vigour!
You feel yourself slow down.
A bolt hits the flying skull, but does no damage!
The death scarab avoids a huge, swinging blade.
You take 2 damage, and have 23/253 hp.
Unknown command.
Unknown command.
Unknown command.
Unknown command.
You feel better. You block the death scarab's attack.
A bolt hits the greater mummy, but does no damage!
You block the flying skull's attack.
The greater mummy mumbles some strange words.
You regained 9 hp, and now have 32/253 hp.
Unknown command.
Unknown command.
Unknown command.
Aim: a greater mummy (lightly damaged)
Okay, then.
Magic courses through your body.
You feel a little less agile now.
The death scarab bites you but does no damage.
The guardian mummy fails to trigger a blade trap.
The greater mummy calls on the powers of darkness!
Kikubaaqudgha partially shields you from torment!
Your body is wracked with pain!
* * * LOW HITPOINT WARNING * * *
The mummy closely misses you.
A guardian mummy comes into view.
You take 7 damage, and have 25/253 hp.
You regained 21 mp, and now have 33/46 mp.
Unknown command.
Unknown command.
Unknown command.
Okay, then.
Unknown command.
Unknown command.
You blink.
You block the death scarab's attack.
The death scarab avoids a huge, swinging blade.
You block the death scarab's attack.
A huge blade swings out and slices into the guardian mummy!
You now have 32/46 mp.
Unknown command.
Unknown command.
Unknown command.
You blink.
You feel yourself speed up. You block the death scarab's attack.
The death scarab bites you!
* * * LOW HITPOINT WARNING * * *
The death scarab avoids a huge, swinging blade.
The death scarab bites you!!
You die...
Kikubaaqudgha rasps: "You have failed me!
Welcome... death!"

,..<...sss.sM§8Z.M.....,,§W..#,,,
,.###...s..M...........,**#.8#*+*
,,* #......M.........[.,* #§†#,,,
,,* #.M.............Z..,* #zM#,,,
,,**#.........).....nMMM###M§#,,,
,,,,............,,,,VM8MM.ss§#*+*
,,,.............,,,,ZsWWWMMs§#,,,
********+###############'#####,,,
*,,,,,,,,#.....s@.†.§§#.^..#,,,,,
*,,,,,,,,#......s.s4§s#^M.§#,,,,,
+,,,,,,,,#.......zM§§§MM^..#,,,,,
*,,,,,,,,#.....§MM§4MM#....#,,,,,
*,,,,,,,,#........M...#....#,,,,,
*********###################*****


You could see 3 greater mummies, a mummy priest, 3 guardian mummies, a rust
devil, 4 death scarabs, a red devil, a flying skull and a mummy.

Vanquished Creatures
  3 ancient liches
  A greater mummy (Tomb:2)
  Boris (Vaults:4)
  Bai Suzhen (Elf:3)
  Xtahua (Vaults:4)
  Jory (Vaults:5)
  the Enchantress (Depths:2)
  Nikola (Vaults:1)
  4 golden dragons
  3 liches
  4 tentacled monstrosities (Vaults:5)
  2 titans (Vaults:5)
  A deep elf master archer (Elf:3)
  Frances (Swamp:1)
  2 deep elf blademasters (Elf:3)
  4 ancient champions
  2 sphinxes
  2 tentacled starspawn (Abyss:2)
  3 thorn hunters
  6 tengu reavers
  The ghost of CarbonWolf the Severer, an adept MiBe of Trog (Swamp:3)
  2 storm dragons (Vaults:5)
  4 revenants
  2 shadow dragons
  5 fire giants
  An imperial myrmidon (Desolation)
  9 deep elf sorcerers
  3 frost giants
  An orc warlord (Orc:2)
  8 vault wardens
  2 angels (Elf:1)
  An emperor scorpion (Spider:1)
  4 ghouls
  3 spriggan defenders
  2 curse skulls (Crypt:3)
  8 ironheart preservers
  4 war gargoyles
  5 deep elf elementalists
  3 entropy weavers
  14 stone giants
  10 very ugly things
  Azrael (D:14)
  11 deep elf demonologists
  6 vampire knights
  Nessos (Orc:2)
  2 halazid warlocks (Desolation)
  9 deep elf annihilators
  A dire elephant (Lair:6)
  5 eidola
  A blizzard demon (Depths:3)
  Josephine (Orc:2)
  13 deep elf death magi
  Erolcha (Orc:2)
  8 ettins
  7 fire dragons
  13 yaktaur captains
  4 crystal guardians
  5 mummy priests (Tomb:1)
  A minotaur (Lab)
  2 deep elf high priests (Elf:3)
  An ettin (shapeshifter) (Vaults:5)
  11 jiangshi
  5 servants of whispers (Desolation)
  3 ragged hierophants (Desolation)
  2 rakshasas
  A quicksilver dragon skeleton (Tomb:1)
  7 great orbs of eyes
  3 spriggan air magi
  2 catoblepae
  25 vault guards
  6 peacekeepers (Desolation)
  5 ice dragons
  20 hydras
  14 ogre magi
  9 alligators
  7 centaur warriors
  8 death yaks
  6 death knights
  13 dancing weapons
  55 two-headed ogres
  4 deep troll earth magi
  3 orc high priests (Orc:2)
  A titan zombie (Crypt:3)
  10 vampire magi
  8 death scarabs (Tomb:2)
  2 deep troll shamans
  5 tengu warriors
  A spriggan berserker (Depths:3)
  12 deep elf knights
  3 soul eaters
  A fire crab (shapeshifter) (Vaults:1)
  18 hell knights
  17 skeletal warriors
  A sixfirhy (Depths:3)
  An unseen horror (shapeshifter) (Depths:1)
  An anaconda zombie (Crypt:1)
  4 shadow wraiths
  11 deep trolls
  A sea snake (shapeshifter) (Vaults:2)
  2 spatial maelstroms (Abyss:2)
  5 unseen horrors
  A torturous demonspawn (Depths:3)
  A spriggan druid (Swamp:4)
  8 swamp dragons
  A death drake (shapeshifter) (Vaults:1)
  A shambling mangrove (Swamp:3)
  4 wizards
  A glowing orange brain (Vaults:4)
  14 deep elf archers
  6 flayed ghosts
  An infernal demonspawn (Depths:3)
  24 harpies
  3 lindwurms
  4 wolf spider zombies
  12 orc knights
  21 phantasmal warriors
  4 orb spiders (Spider:1)
  A lindwurm (shapeshifter) (Vaults:5)
  23 ironbrand convokers
  3 necromancers
  2 salamanders (Depths:3)
  2 shadow dragon skeletons
  43 ugly things
  11 cyclopes
  7 orc sorcerers
  2 stone giant zombies
  An oklob plant (D:12)
  17 wolf spiders
  52 deep elf magi
  2 orb spiders (shapeshifter)
  6 manticores
  An iron dragon skeleton (Crypt:3)
  A centaur zombie (D:10)
  A salamander (shapeshifter) (Elf:3)
  2 stone giant skeletons
  A dire elephant zombie (Crypt:1)
  A frost giant skeleton (Crypt:1)
  A moth of wrath (Spider:1)
  7 elephants
  18 vault sentinels
  3 guardian serpents
  An apocalypse crab (Abyss:2)
  3 smoke demons
  3 black mambas
  2 molten gargoyles
  Maurice (D:8)
  A torpor snail (shapeshifter) (D:15)
  An eye of devastation (shapeshifter) (D:15)
  A red draconian zombie (Crypt:2)
  5 gargoyles
  22 spiny frogs
  A rime drake (Lair:6)
  2 centaur skeletons
  9 freezing wraiths
  27 yaktaurs
  A dire elephant skeleton (Crypt:3)
  9 demonic crawlers
  An ice devil (Depths:3)
  8 komodo dragons
  2 red devils (Crypt:3)
  7 guardian mummies
  20 jumping spiders
  A sea snake skeleton (Crypt:1)
  4 trolls
  7 large abominations (Abyss:2)
  8 bog bodies
  6 polar bears (Lair:2)
  A merfolk (shapeshifter) (Vaults:5)
  2 raiju (Abyss:2)
  6 tyrant leeches
  A blink frog (shapeshifter) (Vaults:2)
  7 hippogriffs
  10 hornets
  31 saltlings (Desolation)
  21 slime creatures
  An alligator zombie (Crypt:1)
  16 blink frogs
  A hippogriff (shapeshifter) (Vaults:5)
  2 dream sheep (Lair:5)
  5 vampires (Crypt:3)
  8 air elementals
  2 meliai zombies (D:13)
  7 spriggans
  6 flying skulls
  3 shadows
  2 redbacks (shapeshifter)
  17 wraiths
  9 water elementals
  4 wyverns
  A yak (shapeshifter) (Elf:1)
  A black mamba skeleton (Abyss:2)
  An ice dragon skeleton (Crypt:3)
  42 redbacks
  A satyr skeleton (Crypt:2)
  13 fire elementals
  14 tarantellas
  4 ynoxinuls (Abyss:2)
  A human (shapeshifter) (Vaults:4)
  A fire dragon skeleton (Crypt:1)
  A basilisk (Lair:1)
  A human (D:7)
  25 yaks
  4 hogs (D:7)
  4 ushabtiu (Tomb:1)
  Grum (D:10)
  A hog (shapeshifter) (Vaults:1)
  6 small abominations
  A steam dragon (shapeshifter) (Vaults:5)
  9 hungry ghosts
  13 vampire mosquitoes
  11 swamp worms
  20 soldier ants
  6 insubstantial wisps
  A soldier ant (shapeshifter) (Vaults:3)
  7 wargs
  A spatial vortex (Abyss:2)
  A monstrous demonspawn zombie (Crypt:1)
  5 hydra simulacra
  11 water moccasins
  4 acid dragons
  A water nymph skeleton (Crypt:1)
  9 porcupines
  6 ice beasts
  A monstrous demonspawn skeleton (Crypt:1)
  A floating eye (shapeshifter) (D:15)
  3 hell hounds
  39 orc warriors
  3 sky beasts
  A snapping turtle zombie (Crypt:3)
  6 swamp drakes
  7 black bears
  2 eyes of draining
  36 ogres
  A tengu (shapeshifter) (Elf:2)
  A necrophage (D:10)
  2 phantoms
  2 boggarts
  20 centaurs
  A torpor snail zombie (Crypt:1)
  10 crocodiles
  A swamp dragon skeleton (Crypt:1)
  A manticore skeleton (Tomb:1)
  32 wolves
  A big kobold (D:13)
  A komodo dragon zombie (Crypt:2)
  18 bullfrogs
  2 earth elementals
  A wyvern zombie (D:12)
  4 elf skeletons (D:8)
  A wyvern skeleton (D:11)
  A spriggan zombie (Crypt:3)
  5 scorpions
  A warg skeleton (Crypt:2)
  10 killer bees
  3 howler monkeys
  18 wights
  A polar bear skeleton (Crypt:2)
  2 electric eels
  7 crimson imps
  A human simulacrum (Vaults:1)
  3 bullfrog zombies
  3 quasits
  A human zombie (D:8)
  13 orc priests
  7 hounds
  4 jellies
  15 orc wizards
  A bullfrog skeleton (D:8)
  2 iron imps
  3 iguanas
  An iguana (shapeshifter) (Vaults:4)
  28 worker ants
  A porcupine skeleton (Crypt:1)
  17 mummies
  A worker ant zombie (D:10)
  4 gnolls (D:5)
  17 adders
  A howler monkey skeleton (Crypt:1)
  A scorpion zombie (Crypt:1)
  7 shadow imps
  3 white imps
  2 ufetubi (Abyss:2)
  An adder zombie (D:5)
  2 oozes
  2 adder skeletons
  A worm (shapeshifter) (Vaults:5)
  2 worms
  4 dart slugs (D:1)
  2 leopard geckos
  88 orcs
  4 ball pythons
  8 bats
  4 giant cockroaches
  13 goblins
  9 hobgoblins
  3 jackals
  4 quokkas
  6 frilled lizards
  6 gnoll skeletons (Ossuary)
  3 hobgoblin zombies (D:5)
  20 kobolds
  7 kobold skeletons
  13 orc skeletons
  2 orc zombies
  A quokka skeleton (D:6)
  A quokka zombie (D:7)
  10 rats
  3 briar patches (Swamp:2)
  A crawling corpse (Elf:3)
  2 fungi
  5 plants
  4 starspawn tentacles (Abyss:2)
2012 creatures vanquished.

Vanquished Creatures (collateral kills)
  Mara (Swamp:3)
  A juggernaut (Depths:3)
  Geryon (Hell)
  A titan (Vaults:5)
  Asterion (Depths:1)
  6 sphinxes
  A tengu reaver (Vaults:5)
  A thorn hunter (Swamp:4)
  A fire giant (Vaults:5)
  Roxanne (Swamp:3)
  2 deep elf sorcerers
  3 frost giants
  A deep elf elementalist (Vaults:5)
  A spriggan defender (Depths:2)
  6 very ugly things
  An ironheart preserver (Vaults:1)
  A stone giant (shapeshifter) (Depths:3)
  2 entropy weavers
  8 stone giants
  A deep elf demonologist (Vaults:4)
  An ettin (Vaults:5)
  A merfolk javelineer (Depths:3)
  3 crystal guardians
  A jiangshi (Crypt:2)
  3 yaktaur captains (Vaults:5)
  A fire dragon (Depths:1)
  16 hydras
  A great orb of eyes (Depths:1)
  2 ice dragons
  A rakshasa (Depths:1)
  A centaur warrior (Vaults:2)
  9 two-headed ogres
  A catoblepas (Lair:6)
  A queen ant (Lair:5)
  An alligator (Swamp:2)
  4 ogre magi
  A death knight (Vaults:4)
  4 death yaks
  2 death scarabs (Tomb:2)
  A tengu warrior (Depths:1)
  A vampire mage (Crypt:3)
  3 spriggan berserkers
  6 hell knights
  A skeletal warrior (Crypt:2)
  A deep troll (shapeshifter) (Vaults:5)
  2 wizards
  5 deep trolls
  2 shambling mangroves
  A flayed ghost (Depths:3)
  4 swamp dragons
  6 phantasmal warriors
  4 deep elf magi
  An ironbrand convoker (Vaults:4)
  A lindwurm (Lair:6)
  A deep elf archer (Vaults:4)
  A necromancer (Depths:2)
  2 manticores (Lair:6)
  5 orb spiders
  4 wolf spiders
  2 orc sorcerers (Orc:2)
  6 oklob plants
  A cyclops (D:14)
  5 ugly things
  4 elephants (Lair:6)
  A black mamba (Lair:6)
  A vault sentinel (Vaults:5)
  Psyche (D:9)
  A smoke demon (Crypt:3)
  An orange demon (Depths:3)
  A shock serpent skeleton (Crypt:1)
  A small abomination (Vaults:4)
  A spiny frog (Swamp:4)
  A rime drake (Lair:3)
  5 demonic crawlers
  A freezing wraith (D:15)
  A tengu conjurer (Depths:1)
  4 yaktaurs
  A red devil (Crypt:3)
  3 jumping spiders
  3 guardian mummies
  2 trolls
  2 polar bears (Lair:2)
  4 hornets
  2 hippogriffs
  8 slime creatures
  5 dream sheep
  2 blink frogs
  An ice dragon zombie (Tomb:1)
  3 saltlings (Desolation)
  A spriggan (shapeshifter) (Vaults:2)
  4 spriggans
  A fire elemental (Depths:3)
  A wraith (Orc:2)
  3 redbacks
  2 tarantellas (Spider:2)
  3 ushabtiu (Tomb:1)
  18 yaks
  A vampire mosquito (Swamp:2)
  3 swamp worms
  A hungry ghost (Crypt:3)
  4 insubstantial wisps
  3 soldier ants (Lair:5)
  4 hydra simulacra (Depths:3)
  A water moccasin (Lair:6)
  A merfolk skeleton (Crypt:2)
  A porcupine (Lair:2)
  2 hell hounds (Elf:2)
  2 swamp drakes
  3 ice beasts
  6 orc warriors
  A phantom (D:5)
  A necrophage (D:11)
  5 wolves (Lair:3)
  8 ogres
  A centaur (D:12)
  2 crocodiles (Lair:4)
  3 bullfrogs
  A howler monkey (D:4)
  A crimson imp (D:5)
  A centaur zombie (D:7)
  2 orc priests
  2 orc wizards
  2 iguanas
  4 worker ants (Lair:5)
  2 mummies
  A howler monkey skeleton (D:6)
  3 adders
  A shadow imp (D:15)
  A white imp (Spider:2)
  A worm zombie (Crypt:2)
  A leopard gecko (D:2)
  11 orcs
  A hobgoblin (D:6)
  A kobold (D:1)
  A quokka (D:12)
  A ball python (D:3)
  A goblin skeleton (D:5)
  A kobold zombie (D:5)
  2 orc skeletons (Ossuary)
  A briar patch (Swamp:2)
  9 fungi
  6 plants
  2 withered plants (Crypt:3)
367 creatures vanquished.

Vanquished Creatures (others)
  2 ancient champions (Tomb:2)
  A deep elf death mage (Elf:3)
  10 death scarabs (Tomb:2)
  A skeletal warrior (Tomb:2)
  An ironbrand convoker (Desolation)
  A deep elf mage (Elf:1)
  A wolf spider simulacrum (D:14)
  A saltling (Desolation)
  A redback (shapeshifter) (Vaults:5)
  2 water elementals (Depths:3)
  An ogre (Vaults:5)
  A mummy (Tomb:2)
  An orc (Vaults:5)
  A leopard gecko skeleton (D:4)
  A quokka skeleton (D:4)
  A briar patch (Swamp:4)
  32 fungi
  15 plants
  6 starspawn tentacles (Abyss:2)
80 creatures vanquished.

Grand Total: 2459 creatures vanquished

Notes
Turn   | Place    | Note
-------+----------+-------------------------------------------
     0 | D:1      | MackTheKnife the Naga Wizard began the quest for the Orb.
     0 | D:1      | Reached XP level 1. HP: 15/15 MP: 4/4
   148 | D:1      | Reached skill level 4 in Stealth
   151 | D:1      | Reached XP level 2. HP: 22/22 MP: 0/6
   214 | D:1      | Learned a level 2 spell: Call Imp
   540 | D:1      | Reached skill level 5 in Stealth
   777 | D:1      | Reached XP level 3. HP: 28/28 MP: 7/7
  1062 | D:1      | Learned a level 3 spell: Mephitic Cloud
  1475 | D:2      | Found a blossoming altar of Fedhas.
  1535 | D:2      | Reached skill level 1 in Poison Magic
  1741 | D:2      | Reached XP level 4. HP: 37/37 MP: 8/8
  2113 | D:2      | Reached skill level 2 in Poison Magic
  2314 | D:2      | Learned a level 3 spell: Conjure Flame
  2699 | D:3      | Reached skill level 2 in Conjurations
  2828 | D:3      | Reached XP level 5. HP: 19/43 MP: 0/10
  3134 | D:3      | Reached skill level 3 in Poison Magic
  3450 | D:3      | Reached skill level 1 in Air Magic
  3665 | D:3      | Found a radiant altar of Vehumet.
  3672 | D:3      | Found an ancient bone altar of Kikubaaqudgha.
  3673 | D:3      | Found a deep blue altar of Sif Muna.
  3678 | D:3      | Identified Kikubaaqudgha's Incunabulum of Unholy Rites
  3708 | D:3      | Became a worshipper of Kikubaaqudgha
  3711 | D:3      | Learned a level 1 spell: Animate Skeleton
  3859 | D:3      | Reached XP level 6. HP: 46/50 MP: 8/11
  4068 | D:4      | Found Jekle's Gadget Shop.
  4182 | D:4      | Found a white marble altar of Elyvilon.
  4306 | D:4      | Reached skill level 4 in Spellcasting
  4533 | D:4      | Found a stormy altar of Qazlal.
  4659 | D:5      | Entered Level 5 of the Dungeon
  4677 | D:5      | Noticed an ice beast
  4686 | D:4      | Reached skill level 5 in Spellcasting
  4838 | D:5      | Reached skill level 1 in Fighting
  4838 | D:5      | Reached XP level 7. HP: 45/57 MP: 8/14
  4840 | D:5      | Reached * piety under Kikubaaqudgha
  4840 | D:5      | Identified Kikubaaqudgha's Guide on Dark Magic (Kikubaaqudgha gifted it to you on level 5 of the Dungeon)
  4840 | D:5      | Received a gift from Kikubaaqudgha
  4851 | D:5      | Found a glowing golden altar of the Shining One.
  4911 | D:5      | Reached skill level 1 in Maces & Flails
  4995 | D:5      | Reached skill level 2 in Fighting
  5253 | D:5      | Reached skill level 2 in Maces & Flails
  5262 | D:5      | HP: 14/61 [orc wizard/puff of flame (6)]
  5577 | D:5      | Reached skill level 3 in Fighting
  5792 | D:5      | Learned a level 1 spell: Pain
  6045 | D:5      | Reached skill level 3 in Maces & Flails
  6649 | D:6      | Found a white marble altar of Elyvilon.
  6690 | D:6      | Found a sparkling altar of Nemelex Xobeh.
  6728 | D:6      | Reached skill level 1 in Shields
  6728 | D:6      | Reached XP level 8. HP: 69/69 MP: 2/15
  6828 | D:6      | Reached skill level 2 in Shields
  6892 | D:6      | Found an ornate altar of the Wu Jian Council.
  7191 | D:6      | Reached skill level 3 in Shields
  7387 | D:6      | Reached skill level 4 in Fighting
  7415 | D:6      | Found a bloodstained altar of Trog.
  7561 | D:6      | Found a staircase to the Ecumenical Temple.
  7763 | D:7      | Reached skill level 4 in Maces & Flails
  7806 | D:7      | Noticed a hippogriff
  7819 | D:7      | Killed a hippogriff
  7819 | D:7      | Reached skill level 5 in Fighting
  8027 | D:7      | Reached skill level 5 in Maces & Flails
  8027 | D:7      | Reached XP level 9. HP: 67/81 MP: 5/16
  8339 | D:7      | Reached ** piety under Kikubaaqudgha
  8382 | D:7      | Found Mobi's Assorted Antiques.
  8388 | D:7      | Bought a glowing broad axe for 203 gold pieces
  8390 | D:7      | Bought a scroll labeled AGUAHUFUCS for 29 gold pieces
  8390 | D:7      | Bought a scroll labeled NASHRO UXZO for 29 gold pieces
  8390 | D:7      | Bought a bubbling yellow potion for 26 gold pieces
  8457 | D:7      | HP: 16/82 [orc/dagger (5)]
  8469 | D:7      | HP: 15/82 [human/hand axe (5)]
  8479 | D:7      | Found an opulent altar of Gozag.
  8486 | D:7      | Found an iron altar of Okawaru.
  8796 | D:7      | Reached skill level 2 in Axes
  8798 | D:7      | Reached skill level 3 in Axes
  8800 | D:7      | Reached skill level 4 in Axes
  8858 | D:7      | Reached skill level 5 in Axes
  8958 | D:7      | Found a shattered altar of Ashenzari.
  9078 | D:7      | Reached skill level 6 in Axes
  9088 | D:7      | Found a shimmering altar of Xom.
  9175 | D:8      | Reached skill level 7 in Axes
  9207 | D:8      | Noticed a two-headed ogre
  9213 | D:8      | Killed a two-headed ogre
  9213 | D:8      | Reached skill level 8 in Axes
  9213 | D:8      | Reached XP level 10. HP: 51/91 MP: 12/17
  9390 | D:8      | Found a sand-covered staircase.
  9408 | Ossuary  | Entered an ossuary
  9423 | Ossuary  | Reached *** piety under Kikubaaqudgha
  9423 | Ossuary  | Identified Kikubaaqudgha's Handbook of Black Arts (Kikubaaqudgha gifted it to you in an ossuary)
  9423 | Ossuary  | Received a gift from Kikubaaqudgha
  9481 | Ossuary  | Reached skill level 9 in Axes
  9716 | D:8      | Learned a level 2 spell: Blink
  9737 | D:8      | Noticed Maurice
  9783 | D:8      | Noticed a two-headed ogre
  9790 | D:8      | Killed a two-headed ogre
  9790 | D:8      | Reached skill level 10 in Axes
  9954 | D:8      | Killed Maurice
 10036 | D:8      | Found a glowing silver altar of Zin.
 10446 | D:9      | Noticed Psyche
 10463 | D:9      | Killed Psyche
 10482 | D:9      | Reached **** piety under Kikubaaqudgha
 10541 | D:9      | Found a staircase to the Orcish Mines.
 10569 | D:9      | Reached skill level 11 in Axes
 10972 | D:9      | Found a staircase to the Lair.
 11087 | D:9      | Found a glowing silver altar of Zin.
 11292 | D:10     | Entered Level 10 of the Dungeon
 11334 | D:10     | Reached XP level 11. HP: 97/97 MP: 18/18
 11702 | D:10     | Noticed a two-headed ogre
 11725 | D:10     | Killed a two-headed ogre
 11725 | D:10     | Reached skill level 6 in Fighting
 11814 | D:10     | Noticed Grum
 11827 | D:10     | Reached skill level 7 in Fighting
 11834 | D:10     | HP: 17/100 [large slime creature (32)]
 11934 | D:10     | Noticed a two-headed ogre
 11942 | D:10     | Killed Grum
 12376 | D:10     | Killed a two-headed ogre
 12376 | D:10     | Reached skill level 8 in Fighting
 12791 | Lair:1   | Entered Level 1 of the Lair of Beasts
 13351 | Lair:1   | Reached skill level 9 in Fighting
 13497 | Lair:1   | Got a pitted long sword
 14516 | Lair:1   | Reached skill level 10 in Fighting
 14551 | Lair:1   | Reached skill level 1 in Necromancy
 14729 | Lair:1   | Got a bloodstained triple sword
 14757 | Lair:1   | Identified the +6 triple sword of Eklu Too {slice, +Rage rPois Int+2} (You found it on level 1 of the Lair of Beasts)
 15174 | Lair:2   | Reached skill level 2 in Necromancy
 15378 | Lair:1   | Reached skill level 6 in Spellcasting
 15581 | Lair:1   | Upgraded the game from 0.21-a0-170-g0398fc9 to 0.21-a0-171-g0f4a3b6
 15607 | Orc:1    | Entered Level 1 of the Orcish Mines
 15610 | Orc:1    | Reached skill level 3 in Necromancy
 15610 | Orc:1    | Reached XP level 12. HP: 106/116 MP: 17/21
 15971 | Orc:1    | Reached skill level 4 in Necromancy
 16524 | Orc:2    | Entered Level 2 of the Orcish Mines
 16628 | Orc:2    | Reached ***** piety under Kikubaaqudgha
 16655 | Orc:2    | Found a labyrinth entrance.
 16665 | Lab      | Entered a labyrinth
 16783 | Lab      | Noticed Yermak's ghost (journeyman GnTm)
 17241 | Lab      | Noticed a minotaur
 17248 | Lab      | Killed a minotaur
 17248 | Lab      | Reached skill level 12 in Axes
 17368 | Orc:2    | Noticed Erolcha
 17575 | Orc:2    | Noticed Nessos
 18058 | Lair:1   | HP: 26/118 [porcupine (7)]
 18062 | Lair:1   | HP: 7/118 [porcupine (8)]
 18629 | Lair:2   | Reached skill level 11 in Fighting
 19256 | Lair:2   | Found a hole to the Spider Nest.
 19472 | Lair:2   | Reached skill level 13 in Axes
 19480 | Lair:2   | Gained mutation: You can use your snake-like lower body to constrict enemies. [Naga growth]
 19480 | Lair:2   | Reached XP level 13. HP: 107/128 MP: 21/23
 19558 | Lair:2   | Reached skill level 12 in Fighting
 20035 | D:8      | Learned a level 3 spell: Regeneration
 20040 | D:8      | Learned a level 4 spell: Animate Dead
 20192 | Lair:3   | Found a glowing golden altar of the Shining One.
 20284 | Lair:3   | Reached skill level 5 in Necromancy
 20336 | Lair:3   | Reached skill level 6 in Necromancy
 20425 | Lair:3   | Got a scorched ivory ring
 20427 | Lair:3   | Identified the ring "Geuxec" {*Drain rPois rN+ Str+3 Slay+2} (You found it on level 3 of the Lair of Beasts)
 20518 | Lair:3   | Reached skill level 7 in Necromancy
 21238 | Lair:4   | Found a staircase to the Swamp.
 21359 | Lair:4   | Got a polished rapier
 21514 | Lair:4   | Reached skill level 8 in Necromancy
 21530 | Lair:4   | HP: 27/129 [nine-headed hydra (17)]
 22036 | Lair:4   | Reached skill level 9 in Necromancy
 22533 | Lair:5   | Reached skill level 10 in Necromancy
 22566 | Lair:5   | Reached XP level 14. HP: 106/139 MP: 12/24
 22621 | Lair:5   | Noticed an entropy weaver
 22622 | Lair:5   | Noticed an entropy weaver
 22629 | Lair:5   | Killed an entropy weaver
 23055 | Lair:5   | Killed an entropy weaver
 23112 | Lair:5   | Reached skill level 14 in Axes
 23520 | Lair:6   | Entered Level 6 of the Lair of Beasts
 23569 | Lair:6   | Reached skill level 13 in Fighting
 24569 | Lair:6   | Found a staircase to the Slime Pits.
 25522 | Lair:6   | Noticed a dire elephant
 25560 | Lair:6   | Killed a dire elephant
 25712 | Lair:6   | HP: 31/142 [death yak (5)]
 25712 | Lair:6   | Reached skill level 14 in Fighting
 25715 | Lair:6   | Reached skill level 15 in Axes
 25715 | Lair:6   | HP: 14/144 [yak (11)]
 26481 | D:7      | Bought a runed ring mail for 203 gold pieces
 26572 | Orc:2    | Found a roughly hewn altar of Beogh.
 26596 | Orc:2    | Found Ucel Faaty's Armour Emporium.
 26662 | Orc:2    | Found a staircase to the Elven Halls.
 26880 | Orc:2    | Killed Nessos
 26880 | Orc:2    | Reached XP level 15. HP: 98/151 MP: 11/25
 27058 | Orc:2    | Killed Erolcha
 27068 | Orc:2    | Found a roughly hewn altar of Beogh.
 27123 | Orc:2    | Noticed Josephine
 27132 | Orc:2    | Killed Josephine
 27152 | Orc:2    | Paralysed by an orc sorcerer for 2 turns
 27154 | Orc:2    | HP: 26/152 [red devil/demon trident of electrocution[an orc sorcerer] (19)]
 27687 | Orc:2    | Found a roughly hewn altar of Beogh.
 27719 | Orc:2    | Found a roughly hewn altar of Beogh.
 27740 | Orc:2    | Found Ehuser's Food Boutique.
 27785 | Orc:2    | Found a roughly hewn altar of Beogh.
 27805 | Orc:2    | Noticed an orc warlord
 27903 | Orc:2    | Killed an orc warlord
 28110 | Orc:2    | Found Gionk's Antique Weapon Shop.
 28111 | Orc:2    | Found a roughly hewn altar of Beogh.
 28115 | Orc:2    | Found Vyplaum's Antique Armour Boutique.
 28121 | Orc:2    | Bought a shiny shield for 225 gold pieces
 28121 | Orc:2    | Bought a helmet for 135 gold pieces
 28841 | D:10     | Reached skill level 4 in Shields
 29537 | D:11     | Reached skill level 5 in Shields
 29812 | D:12     | Found Jur Secs's Weapon Emporium.
 30242 | D:12     | HP: 38/152 [seven-headed hydra (8)]
 31009 | D:12     | Got an iridescent dagger
 31272 | D:13     | Got a vibrating tin ring
 31274 | D:13     | Identified the ring "Wyigoxur" {rN++ AC+6 Int+4} (You found it on level 13 of the Dungeon)
 31287 | D:13     | Reached skill level 6 in Shields
 31321 | D:13     | Got a glittering tin ring
 31323 | D:13     | Identified the ring "Lumninn" {rElec rF+ MR+ Dex+4} (You found it on level 13 of the Dungeon)
 31336 | D:13     | Learned a level 1 spell: Apportation
 32149 | D:13     | Found a gate to the Vaults.
 32340 | D:13     | Reached skill level 7 in Shields
 32638 | D:14     | Noticed Azrael
 32652 | D:14     | Killed Azrael
 32652 | D:14     | Reached skill level 8 in Shields
 32815 | D:14     | Found an iron altar of Okawaru.
 32954 | D:14     | Found a portal to a secret trove of treasure.
 33329 | D:15     | Entered Level 15 of the Dungeon
 33514 | D:15     | Reached XP level 16. HP: 57/160 MP: 1/26
 33518 | D:15     | HP: 28/160 [death knight/battleaxe of freezing (15)]
 33521 | D:15     | Reached skill level 9 in Shields
 34485 | D:15     | Reached skill level 16 in Axes
 34575 | D:15     | Found a staircase to the Depths.
 35333 | Swamp:1  | Entered Level 1 of the Swamp
 35426 | Swamp:1  | Noticed Frances
 35439 | Swamp:1  | Killed Frances
 36492 | Swamp:2  | Reached skill level 17 in Axes
 36629 | Swamp:2  | Noticed a thorn hunter
 36632 | Swamp:2  | Identified a scroll of acquirement
 36633 | Swamp:2  | Got an ancient naga barding
 36643 | Swamp:2  | Killed a thorn hunter
 36649 | Swamp:2  | Identified the +3 naga barding of Good Intentions {rF+ rCorr} (You acquired it on level 2 of the Swamp)
 37049 | Swamp:3  | Noticed Mara
 37066 | Swamp:3  | Killed Mara
 37082 | Swamp:3  | Noticed CarbonWolf's ghost (adept MiBe)
 37113 | Swamp:3  | Killed CarbonWolf's ghost
 37170 | Swamp:3  | Noticed Roxanne
 37199 | Swamp:3  | Killed Roxanne
 37211 | Swamp:3  | Identified Roxanne's Incunabulum of Moulding (You took it off Roxanne on level 3 of the Swamp)
 37470 | Swamp:3  | Reached skill level 1 in Armour
 37784 | Swamp:4  | Entered Level 4 of the Swamp
 37811 | Swamp:4  | Reached skill level 2 in Armour
 37875 | Swamp:4  | Reached skill level 3 in Armour
 38083 | Swamp:4  | Reached skill level 4 in Armour
 38343 | Swamp:4  | Reached XP level 17. HP: 168/168 MP: 25/27
 38441 | Swamp:4  | Reached skill level 5 in Armour
 38774 | Swamp:4  | Reached skill level 6 in Armour
 38868 | Swamp:4  | Reached skill level 7 in Armour
 39213 | Swamp:4  | Got a decaying rune of Zot
 39524 | Spider:1 | Entered Level 1 of the Spider Nest
 39532 | Spider:1 | Reached skill level 8 in Armour
 39709 | Spider:1 | Reached skill level 1 in Evocations
 40004 | Spider:1 | Reached skill level 2 in Evocations
 40019 | Spider:1 | Reached ****** piety under Kikubaaqudgha
 40024 | Spider:1 | Identified a +6 broad axe of pain (a +4 broad axe of electrocution bloodied by Kikubaaqudgha)
 40024 | Spider:1 | Received a gift from Kikubaaqudgha
 40421 | Spider:1 | Reached skill level 3 in Evocations
 40481 | Spider:1 | Reached skill level 4 in Evocations
 40486 | Spider:1 | Got a polished quarterstaff
 40487 | Spider:1 | Identified the +6 quarterstaff "Iddecs" {venom, rF- Int+9 Dex+6} (You found it on level 1 of the Spider Nest)
 40861 | D:8      | Learned a level 6 spell: Death Channel
 40871 | D:8      | Learned a level 5 spell: Dispel Undead
 41118 | Spider:2 | Got a transparent lajatang
 41200 | Spider:2 | Identified the +9 lajatang of Eternal Harmony {slice, -Tele rC+ rN+} (You found it on level 2 of the Spider Nest)
 41525 | Spider:2 | Reached skill level 7 in Spellcasting
 41858 | Spider:3 | Reached skill level 11 in Necromancy
 42358 | Spider:3 | Got an ancient broad axe
 42510 | Spider:3 | Reached XP level 18. HP: 176/176 MP: 28/28
 42516 | Spider:3 | Identified the +7 broad axe of Tyxzifeg {chop, +Fly rElec rPois rF-} (You found it on level 3 of the Spider Nest)
 42835 | Vaults:1 | Entered Level 1 of the Vaults
 42879 | Vaults:1 | Reached skill level 12 in Necromancy
 43160 | Vaults:1 | Reached skill level 13 in Necromancy
 43305 | Vaults:1 | Got a pitted falchion
 43328 | Vaults:1 | Got a scorched ring mail
 43368 | Vaults:1 | Noticed Nikola
 43382 | Vaults:1 | Reached skill level 14 in Necromancy
 43384 | Vaults:1 | Killed Nikola
 43576 | Vaults:1 | Noticed an Ice Fiend
 43647 | Vaults:1 | Found Yposomix's Weapon Shop.
 43655 | Vaults:1 | Bought the +8 lance "Wyrmbane" {slay drac, rPois rF+ rC+ AC+3} for 1454 gold pieces
 43688 | Vaults:1 | Identified the +5 ring mail of the Bagpipe {MR- rCorr Int+6} (You found it on level 1 of the Vaults)
 43799 | Vaults:1 | Reached skill level 15 in Fighting
 43895 | Vaults:2 | Reached skill level 1 in Charms
 43937 | Vaults:2 | Reached skill level 2 in Charms
 43970 | Vaults:2 | Reached skill level 3 in Charms
 44005 | Vaults:2 | Reached skill level 4 in Charms
 44136 | Vaults:2 | Reached skill level 5 in Charms
 44184 | Vaults:2 | Reached XP level 19. HP: 181/186 MP: 29/29
 44187 | Vaults:2 | Reached skill level 6 in Charms
 44451 | Vaults:2 | Reached skill level 10 in Shields
 45056 | Vaults:3 | Reached skill level 11 in Shields
 45285 | Vaults:3 | Found a staircase to the Crypt.
 45706 | Vaults:3 | Reached skill level 12 in Shields
 46151 | Vaults:3 | Got an uncursed scorched mace {freeze}
 46563 | Vaults:3 | Reached XP level 20. HP: 182/194 MP: 30/30
 46737 | Vaults:4 | Reached skill level 13 in Shields
 46955 | Vaults:4 | Noticed Xtahua
 46955 | Vaults:4 | Paralysed by Xtahua for 5 turns
 46978 | Vaults:4 | Killed Xtahua
 47132 | Vaults:4 | HP: 33/194 [hell knight/great sword of draining (31)]
 47355 | Vaults:4 | Reached skill level 14 in Shields
 47463 | Vaults:4 | Learned a level 5 spell: Aura of Abjuration
 47682 | Vaults:4 | Got a smoking wooden ring
 47683 | Vaults:4 | Identified the ring "Igoewaoph" {rN+ MP+9 Dex+6 Stlth-} (You found it on level 4 of the Vaults)
 47819 | Vaults:4 | Got a polished ring mail
 47820 | Vaults:4 | Identified the cursed +1 ring mail of Orthodoxy {Str-4 Dex+5 SInv} (You found it on level 4 of the Vaults)
 48041 | Vaults:4 | Noticed Boris
 48062 | Vaults:4 | Killed Boris
 48590 | Vaults:4 | Reached skill level 15 in Shields
 48985 | Elf:1    | Entered Level 1 of the Elven Halls
 48991 | Elf:1    | Reached skill level 1 in Polearms
 49024 | Elf:1    | Found a white marble altar of Elyvilon.
 49024 | Elf:1    | Found a glowing silver altar of Zin.
 49025 | Elf:1    | Found a glowing golden altar of the Shining One.
 49045 | Elf:1    | Reached skill level 2 in Polearms
 49066 | Elf:1    | Reached skill level 3 in Polearms
 49110 | Elf:1    | Reached skill level 4 in Polearms
 49129 | Elf:1    | Found a ruined gateway.
 49145 | Desolati | Entered the Desolation of Salt
 49260 | Desolati | Reached skill level 5 in Polearms
 49296 | Desolati | Reached skill level 6 in Polearms
 49362 | Desolati | Reached XP level 21. HP: 175/201 MP: 31/31
 49411 | Desolati | Reached skill level 7 in Polearms
 49418 | Desolati | Got a pitted turquoise ring
 49422 | Desolati | Identified the Collected Works on Warped Confrontation
 49429 | Desolati | Identified the ring of Laluof {rF+ MR+ Str+3 Int-4} (You found it in the Desolation of Salt)
 49627 | Desolati | Got a steaming broad axe
 49629 | Desolati | Identified the +6 broad axe of the Ass {freeze, -Tele rPois rN+++} (You found it in the Desolation of Salt)
 49659 | Desolati | Got a faintly humming cloak
 49660 | Desolati | Identified the Tome of Feathery Stones
 49676 | Desolati | Identified the +0 cloak "Bysor" {rF+ Dex+5} (You found it in the Desolation of Salt)
 49686 | Desolati | Identified Yneu's Grimoire of the Frostbite and the Volcanoes
 49687 | Desolati | Identified Wekomigh's Tome of Sinister Beguiling
 49752 | Desolati | Reached skill level 8 in Polearms
 49762 | Desolati | Got a steaming lapis lazuli ring
 49764 | Desolati | Got a crude platinum ring
 49766 | Desolati | Identified the ring of Alleita {rPois rC+} (You found it in the Desolation of Salt)
 49769 | Desolati | Identified the ring of Qeracot {Ice Str+4} (You found it in the Desolation of Salt)
 49780 | Desolati | Got a wavering bone amulet
 49782 | Desolati | Identified the amulet of Eremit {rC+ MR+ Regen+ Str+2 Int+4} (You found it in the Desolation of Salt)
 49925 | Elf:1    | Found Yqiynwai's Antique Armour Shoppe.
 49982 | Elf:1    | Cast into level 2 of the Abyss (hand axe of distortion)
 49982 | Abyss:2  | Found a corrupted altar of Lugonu.
 50154 | Abyss:2  | Reached skill level 6 in Stealth
 50327 | Abyss:2  | Reached skill level 7 in Stealth
 50356 | Abyss:2  | Reached skill level 8 in Stealth
 50484 | Elf:1    | Escaped the Abyss
 50544 | Elf:1    | Reached skill level 9 in Stealth
 50601 | Elf:1    | Found Egroq's Gadget Shop.
 50620 | Elf:1    | You fall through a shaft!
 50620 | Elf:2    | Found Ileath's Armour Shoppe.
 50686 | Elf:2    | Reached skill level 9 in Polearms
 50835 | Elf:2    | Reached skill level 10 in Polearms
 50998 | Elf:1    | Found Apada's Jewellery Shoppe.
 51035 | Elf:1    | Found Coet Doj's Magic Scroll Boutique.
 51047 | Elf:1    | Bought a scroll of acquirement for 624 gold pieces
 51047 | Elf:1    | Bought a scroll of identify for 24 gold pieces
 51615 | Elf:2    | Reached skill level 11 in Polearms
 52074 | Elf:2    | Found a runed gate.
 52074 | Elf:2    | Found a runed gate.
 52074 | Elf:2    | Found a runed gate.
 52407 | Elf:3    | Entered Level 3 of the Elven Halls
 52538 | Elf:3    | Reached skill level 12 in Polearms
 52602 | Elf:3    | Noticed Bai Suzhen
 52629 | Elf:3    | Killed Bai Suzhen
 52925 | Elf:3    | Reached XP level 22. HP: 200/210 MP: 21/32
 52944 | Elf:3    | Reached skill level 13 in Polearms
 53035 | Elf:3    | HP: 50/210 [sun demon[a deep elf demonologist] (14)]
 53300 | Elf:3    | Reached skill level 14 in Polearms
 53490 | Elf:3    | Got a heavily jewelled robe
 53491 | Elf:3    | Identified the +1 robe of Uvyo {rC- Regen+ Int+3} (You found it on level 3 of the Elven Halls)
 53493 | Elf:3    | Identified the Catalogue of the New World
 53539 | Elf:3    | Identified Sif Muna's Reference Book on Assistive Envenoming
 53543 | Elf:3    | Identified the Catalogue of Cold and Air
 54012 | Depths:1 | Entered Level 1 of the Depths
 54254 | Depths:1 | Reached skill level 16 in Fighting
 54338 | Depths:1 | Got a transparent battleaxe
 55037 | Depths:1 | Reached skill level 17 in Fighting
 55128 | Depths:1 | Found a runed door.
 55131 | Depths:1 | Noticed Asterion
 55161 | Depths:1 | Killed Asterion
 55349 | Depths:1 | Found a gateway to Hell.
 55479 | Hell     | Entered the Vestibule of Hell
 55507 | Hell     | Noticed Geryon
 55537 | Hell     | Killed Geryon
 55654 | D:14     | You paid a toll of the horn of Geryon to enter a treasure trove
 55655 | Trove    | Entered a treasure trove
 55693 | Trove    | Got a pitted naga barding
 55695 | Trove    | Got a bloodstained naga barding
 55699 | Trove    | Got a crude naga barding
 55701 | Trove    | Got a twisted naga barding
 55706 | Trove    | Got a translucent cloak
 55718 | Trove    | Identified the -4 cloak of Zin's Pride {rElec rF+ rCorr Dex+3} (You found it in a treasure trove)
 55731 | Trove    | Got a polished scale mail
 55753 | Trove    | Identified the -4 naga barding "Nagemin" {rC+ Int+3} (You found it in a treasure trove)
 55765 | Trove    | Identified the +2 naga barding of Restlessness {Int+3} (You found it in a treasure trove)
 55776 | Trove    | Identified the +0 naga barding of Free Will {Int+3 Dex+2} (You found it in a treasure trove)
 55787 | Trove    | Identified the +4 naga barding "Noshynil" {*Slow MR+ Str+5} (You found it in a treasure trove)
 55808 | Trove    | Identified the +1 scale mail "Burr" {Str-2 Int-5 Dex+5} (You found it in a treasure trove)
 55986 | D:8      | Learned a level 8 spell: Borgnjor's Revivification
 56722 | Depths:2 | Found a gateway to a ziggurat.
 56764 | Depths:2 | Reached XP level 23. HP: 220/225 MP: 31/34
 57027 | Depths:2 | Reached skill level 8 in Spellcasting
 57107 | Depths:2 | Reached skill level 15 in Necromancy
 57113 | Depths:2 | Got a faintly glowing leather armour
 57114 | Depths:2 | Identified the +2 leather armour of Weightlessness {rF+ MR+ Str+4 Int+5} (You found it on level 2 of the Depths)
 57480 | Depths:3 | Noticed the Enchantress
 57705 | Depths:2 | Killed the Enchantress
 57707 | Depths:2 | Got faerie dragon scales
 57726 | Depths:2 | Identified the +5 faerie dragon scales {rPois Regen+ rCorr MP+7 Int+4 Slay-2} (You took it off the Enchantress on level 2 of the Depths)
 57954 | Depths:3 | Reached skill level 9 in Spellcasting
 58021 | Depths:3 | Found a one-way gate to the infinite horrors of the Abyss.
 58321 | Depths:3 | Found a one-way gate leading to the halls of Pandemonium.
 58662 | Depths:3 | Noticed a juggernaut
 58677 | Depths:3 | Killed a juggernaut
 59240 | Vaults:5 | Entered Level 5 of the Vaults
 59244 | Vaults:5 | Noticed an ancient lich
 59255 | Vaults:4 | Reached skill level 10 in Spellcasting
 59318 | Vaults:5 | Noticed a golden dragon
 59349 | Vaults:4 | Reached skill level 16 in Necromancy
 59426 | Vaults:4 | Killed an ancient lich
 59432 | Vaults:4 | HP: 48/225 [ettin/dire flail of protection (36)]
 59819 | Vaults:4 | Reached skill level 11 in Spellcasting
 59976 | Vaults:4 | p0werm0de: man my specs are all lazy boys
 59977 | Vaults:4 | MackTheKnife: ;<
 59977 | Vaults:4 | p0werm0de: never play themselves ;DD
 59978 | Vaults:4 | p0werm0de: i acquired ARGA ;D
 59993 | Vaults:4 | p0werm0de: http://crawl.xtahua.com/crawl/morgue/p0werm0de/p0werm0de.txt
 59998 | Vaults:4 | p0werm0de: ;DD
 60003 | Vaults:4 | p0werm0de: gieb dump?
 60009 | Vaults:4 | p0werm0de: ty
 60010 | Vaults:4 | MackTheKnife: oh sick
 60085 | Vaults:4 | p0werm0de: damn you got better stuff
 60091 | Vaults:4 | Killed a golden dragon
 60091 | Vaults:4 | Reached XP level 24. HP: 230/234 MP: 38/38
 60092 | Vaults:4 | MackTheKnife: haha yeah
 60092 | Vaults:4 | MackTheKnife: stacke
 60092 | Vaults:4 | MackTheKnife: d
 60098 | Vaults:4 | p0werm0de: just ringmail is fail
 60098 | Vaults:4 | p0werm0de: ;P
 60098 | Vaults:4 | MackTheKnife: yeah :x
 60098 | Vaults:4 | MackTheKnife: got a decent fairy armour from enchantress
 60098 | Vaults:4 | p0werm0de: ring U nice
 60098 | Vaults:4 | MackTheKnife: but -2 slay..
 60098 | Vaults:4 | p0werm0de: -2 aint much with wyrmbane
 60098 | Vaults:4 | p0werm0de: this allows stealth too
 60098 | Vaults:4 | p0werm0de: i would use it
 60098 | Vaults:4 | MackTheKnife: but I dont really need the resists
 60098 | Vaults:4 | MackTheKnife: only Regen is nice
 60098 | Vaults:4 | p0werm0de: mhh
 60098 | Vaults:4 | MackTheKnife: so it's minor regen for -2 slay
 60098 | Vaults:4 | MackTheKnife: eehhhh.
 60098 | Vaults:4 | p0werm0de: then use troll leather +4 ;D
 60098 | Vaults:4 | MackTheKnife: lol
 60098 | Vaults:4 | p0werm0de: with ozo armor
 60105 | Vaults:4 | p0werm0de: get simulacrum and ice magic
 60112 | Vaults:4 | p0werm0de: win/111
 60320 | Vaults:5 | Reached skill level 17 in Necromancy
 60423 | Vaults:5 | Reached skill level 12 in Spellcasting
 60576 | Vaults:5 | Got a pitted tin ring
 60577 | Vaults:5 | Identified the ring "Ixampaam" {rCorr Slay+4} (You found it on level 5 of the Vaults)
 60630 | Vaults:5 | Got a transparent bone ring
 60631 | Vaults:5 | Identified the ring "Udeacosa" {rCorr rPois Int+6 Dex-2} (You took it off a deep elf death mage on level 5 of the Vaults)
 60748 | Vaults:5 | Noticed Jory
 60762 | Vaults:5 | Reached skill level 18 in Necromancy
 60774 | Vaults:5 | Killed Jory
 60816 | Vaults:5 | Got a slimy crystal plate armour
 60820 | Vaults:5 | Identified the +1 crystal plate armour of the Three Suns {rPois Str-3 Dex+4 Stlth+} (You found it on level 5 of the Vaults)
 60850 | Vaults:5 | Learned a level 6 spell: Simulacrum
 60924 | Vaults:5 | Reached skill level 1 in Ice Magic
 60934 | Vaults:5 | Found Ycunneat's Food Shoppe.
 60934 | Vaults:5 | Found Eson's Antique Armour Shop.
 60940 | Vaults:5 | Found Poocwuf's Distillery.
 60941 | Vaults:5 | Bought an encrusted scale mail for 360 gold pieces
 60941 | Vaults:5 | Identified the cursed +1 scale mail of Fedhas's Reproof {Int-2 Slay+4 SInv Stlth+} (You bought it in a shop on level 5 of the Vaults)
 60950 | Vaults:5 | Found Reczil's Food Boutique.
 61006 | Vaults:5 | Reached skill level 2 in Ice Magic
 61052 | Vaults:5 | Reached skill level 3 in Ice Magic
 61219 | Vaults:5 | Got a silver rune of Zot
 61306 | Crypt:1  | Entered Level 1 of the Crypt
 61351 | Crypt:1  | Reached skill level 19 in Necromancy
 61382 | Crypt:1  | Identified the Tome of the Salmon
 61834 | Crypt:1  | Reached XP level 25. HP: 235/242 MP: 39/39
 61949 | Crypt:1  | Gained mutation: You are clumsy. (Dex -2) [the power of Zot]
 61949 | Crypt:1  | Gained mutation: Your body sometimes deteriorates upon taking damage. [the power of Zot]
 62062 | Crypt:1  | Reached skill level 2 in Summonings
 62249 | Crypt:2  | Reached skill level 3 in Summonings
 62415 | Crypt:2  | Reached skill level 13 in Spellcasting
 62415 | Crypt:2  | Reached skill level 4 in Summonings
 62746 | Crypt:2  | Reached skill level 5 in Summonings
 62993 | Crypt:3  | Entered Level 3 of the Crypt
 63287 | Crypt:3  | Identified the Almanac of Confrontation
 63290 | Crypt:3  | Got a scorched scimitar
 63292 | Crypt:3  | Got a shimmering wooden ring
 63293 | Crypt:3  | Identified the ring "Gitroutu" {*Contam rPois rN+ Dex+5 Slay+2} (You found it on level 3 of the Crypt)
 63371 | Crypt:3  | Reached skill level 6 in Summonings
 63403 | Crypt:3  | Got a dazzling arbalest
 63783 | Crypt:3  | Found a staircase to the Tomb.
 63861 | Crypt:3  | Noticed an ancient lich
 63865 | Crypt:3  | Killed an ancient lich
 63886 | Crypt:3  | Reached skill level 14 in Spellcasting
 63903 | Crypt:3  | Noticed an ancient lich
 63906 | Crypt:3  | Killed an ancient lich
 64294 | Crypt:3  | Got an amethyst-studded ring mail
 64300 | Crypt:3  | Got a glittering iron amulet
 64807 | Tomb:1   | Entered Level 1 of the Tomb of the Ancients
 64888 | Tomb:1   | Got a fine shortbow
 64952 | Tomb:1   | Identified the +1 ring mail "Sall" {Str+3} (You found it on level 3 of the Crypt)
 65016 | Tomb:1   | Reached skill level 15 in Spellcasting
 65368 | Tomb:1   | Reached XP level 26. HP: 148/251 MP: 6/42
 65748 | Tomb:1   | Lost mutation: Your body sometimes deteriorates upon taking damage. [potion of mutation]
 65748 | Tomb:1   | Gained mutation: You have an increased reservoir of magic. (+10% MP) [potion of mutation]
 65748 | Tomb:1   | Gained mutation: Your flesh is heat resistant. (rF+) [potion of mutation]
 65748 | Tomb:1   | Gained mutation: Your mind is acute. (Int +2) [potion of mutation]
 65754 | Tomb:2   | Noticed a greater mummy
 65755 | Tomb:2   | Noticed a greater mummy
 65755 | Tomb:2   | Noticed a greater mummy
 65756 | Tomb:2   | HP: 61/251 [??? (23)]
 65783 | Tomb:2   | HP: 47/252 [death scarab (24)]
 65787 | Tomb:2   | Noticed a greater mummy
 65788 | Tomb:2   | HP: 46/252 [??? (18)]
 65789 | Tomb:2   | HP: 19/252 [skeletal warrior/morningstar (8)]
 65794 | Tomb:2   | HP: 47/252 [death scarab (10)]
 65801 | Tomb:2   | HP: 27/252 [mummy priest/divine providence (11)]
 65803 | Tomb:2   | HP: 6/252 [skeletal warrior/morningstar (11)]
 65811 | Tomb:2   | HP: 26/253 [??? (12)]
 65814 | Tomb:2   | Killed a greater mummy
 65816 | Tomb:2   | HP: 24/253 [greater mummy/divine providence (14)]
 65821 | Tomb:2   | HP: 32/253 [greater mummy (5)]
 65826 | Tomb:2   | HP: 25/253 [??? (8)]
 65828 | Tomb:2   | Mangled by a death scarab

Vault maps used:
D:1:      mrwooster_arrival_statue_3, minmay_pentomino_u2
D:2:      fedhas_altar_fruit_tree
D:3:      grunt_temple_overflow_magic_moments, minmay_snake_closets
D:4:      elyvilon_altar_4, lemuel_round_altar, first_bread, serial_shops, shop
D:5:      nicolae_tso_besieged_by_evil
D:6:      nicolae_overflow_crystal_walls, nemelex_xobeh_ov_fountains_minmay,
          minmay_temple_entry_mist, basic_altar, grunt_decor_cap,
          trog_hazing_becter
D:7:      ashenzari_conservatory_becter, minitemple, brannock_xom_greatest_gift,
          serial_shops, nicolae_shop_behind_doors, grunt_livestock
D:8:      nicolae_ossuary_entry_catacombs, basic_altar, uniq_maurice
D:9:      zin_academy, erik_lair_island, interstate_on_off, uniq_psyche
D:10:     grunt_decor_arrowhead, uniq_grum
D:12:     serial_shops, shop_fountains, disabler_island
D:13:     david_vaults_4, kennysheep_generic_room_5
D:14:     enter_trove_2, old_standard_altar, hex_tiny, uniq_azrael
D:15:     hangedman_depths_entry_try_elsewhere_first, minmay_strange_pillars
Lair:2:   beast_lair_carwin_large_4, nicolae_spider_entry_orb_guardian
Lair:3:   basic_altar, grunt_forest_large_clearings
Lair:4:   minmay_swamp_entry_reptiles, minmay_lair_oklob_chamber,
          infiniplex_staircase_pool_2
Lair:5:   zaba_anthell
Lair:6:   hangedman_lair_in_review, minmay_slime_entry_pillars
Swamp:1:  nicolae_swamp_very_dense_foliage, uniq_frances
Swamp:2:  nicolae_swamp_phyte_club, evilmike_swamp_ruin_house_6, swamp_pool1
Swamp:3:  evilmike_swamp_ruin_house_5, swamp_pool1, statue_in_the_mist_lemuel,
          uniq_roxanne, uniq_mara
Swamp:4:  swamp_basic_johnstein, swamp_pool1, nicolae_swamp_triple_paths,
          nicolae_swamp_round_clearing
Spider:2: nicolae_crawler_farm
Spider:3: mumra_spider_spiderweb
Orc:2:    grunt_orc_community_town_hall, grunt_orc_community_big_house_1,
          grunt_orc_community_big_house_1, grunt_orc_community_house_1,
          grunt_orc_community_house_3, grunt_orc_community_house_1,
          grunt_orc_community_house_1, lab_entry_generic,
          nicolae_volcano_entry_vermiform, uniq_josephine, uniq_erolcha,
          uniq_nessos
Elf:1:    eino_elf_arrival_sip, serial_shops, shop, shop_scrolls, shop, shop,
          portal_desolation_entry_holy_temple, hangedman_elf_disciples,
          corner_web_ring
Elf:2:    serial_shops, shop, special_room,
          minmay_the_grid_square_5x5_3x3_mashed, basic_stair_grate_trap
Elf:3:    minmay_elf_hall_x, uniq_bai_suzhen
Vaults:1: v_alt_pattern_5, nicolae_vaults_stairing_the_circle,
          vaults_room_grunt_arrival_ludios, vaults_mumra_hexcomb, v_misc_19,
          vaults_mumra_chevron_long, nicolae_vaults_alarming, v_misc_16,
          grunt_vaults_diagonal, vaults_mumra_minichess_inversion, serial_shops,
          nicolae_shop_waterfront, uniq_nikola
Vaults:2: st_cross, nicolae_vaults_network_star, hangedman_vaults_locks,
          v_misc_9, vaults_dpeg_diagonal, hangedman_vaults_restitches,
          nicolae_vaults_little_squares_4, grunt_vaults_hallway_short
Vaults:3: minmay_crypt_entry_simple_statues, v_misc_15, v_misc_26,
          grunt_vaults_hallway_short, v_rooms_5, v_misc_4,
          nicolae_vaults_puzzle_piece, hangedman_vaults_impose,
          vaults_room_grid, ontoclasm_vaults_idyll,
          nicolae_vaults_diagonal_hallway_7, hangedman_vaults_maws,
          nicolae_vaults_rhombus_5, nicolae_vaults_little_ls
Vaults:4: nicolae_vaults_shelves_hall, hangedman_vaults_pinch, v_misc_2,
          grunt_vaults_funnel, nicolae_vaults_sealed_display,
          ontoclasm_vaults_decontamination, hangedman_vaults_nails,
          vaults_dpeg_spiral, nicolae_vaults_little_squares_5, st_check,
          uniq_xtahua, uniq_boris
Vaults:5: serial_shops, uniq_jory
Crypt:2:  st_stairs_12
Crypt:3:  quadcrypt_mu
Depths:1: minmay_misc_feat_nine_boxes, pf_hell_entry_great_geh,
          basic_loot_grate_trap, minmay_crystal_box, uniq_asterion
Depths:2: minmay_connected_triangles_in_corner, enter_ziggurat_b,
          minmay_misc_feat_more_columns, hell_entry
Depths:3: cheibrodos_hall_of_evolution, grunt_pan_entry_in_and_out,
          hangedman_coc_ice_floe, grunt_decor_mini_mirrors,
          hangedman_abyss_entry_splay, infiniplex_staircase_door_maze,
          uniq_enchantress
Abyss:2:  evilmike_abyss_exit_10
Lab:      nicolae_lab_starburst, nicolae_lab_blocks, nicolae_lab_swirl,
          nicolae_lab_hexagon, nicolae_lab_statue, nicolae_lab_diamond
Trove:    trove_armour_2
Ossuary:  ossuary_due_mausoleum

Skill      XL: |  1  2  3  4  5  6  7  8  9 10 11 12 13 14 15 16 17 18 19 20 21 22 23 24 25 |
---------------+----------------------------------------------------------------------------+-----
Stealth        | 4 5 9 |  9.5
Poison Magic   | 1 2 3 |  3.4
Conjurations   | 2 |  2.7
Air Magic      | 1 |  1.1
Spellcasting   | 5 6 7 11 12 15 | 15.4
Fighting       | 1 3 5 10 11 12 14 15 17 | 17.8
Maces & Flails | 3 5 |  5.5
Shields        | 1 3 8 9 12 15 | 15.0
Axes           | 8 11 13 15 17 | 17.7
Necromancy     | 3 4 10 11 14 16 19 | 19.3
Armour         | 4 8 |  8.8
Evocations     | 4 |  4.5
Charms         | 5 6 |  6.7
Polearms       | 6 12 14 | 14.4
Ice Magic      | 3 |  3.8
Summonings     | 6 |  6.6
Dodging        | |  1.5
Translocations | |  1.0

Action                   |  1- 3 |  4- 6 |  7- 9 | 10-12 | 13-15 | 16-18 | 19-21 | 22-24 | 25-27 || total
-------------------------+-------+-------+-------+-------+-------+-------+-------+-------+-------++-------
Melee: Dagger            |    49 |    43 |       |       |       |       |       |       |       ||    92
       Unarmed           |     3 |       |       |       |       |    12 |       |       |       ||    15
       Flail             |       |    69 |       |       |       |       |       |       |       ||    69
       Whip              |       |    68 |   132 |       |       |       |       |       |       ||   200
       Broad axe         |       |       |    55 |   588 |   916 |  1081 |  1091 |       |       ||  3731
       Constrict         |       |       |       |       |   183 |   192 |   241 |   204 |    72 ||   892
       Lance             |       |       |       |       |       |       |   588 |  2220 |   812 ||  3620
Throw: Throwing net      |       |       |     2 |       |       |       |       |       |       ||     2
 Cast: Magic Dart        |    34 |    45 |    80 |    28 |    12 |     2 |       |       |       ||   201
       Call Imp          |     1 |    14 |    45 |    23 |       |     3 |       |       |       ||    86
       Animate Skeleton  |       |     3 |    11 |    33 |    10 |     3 |     1 |       |       ||    61
       Mephitic Cloud    |       |     5 |    24 |    71 |    10 |     1 |       |       |       ||   111
       Pain              |       |       |     3 |     1 |     3 |       |       |       |       ||     7
       Conjure Flame     |       |       |     8 |    16 |     3 |       |       |       |       ||    27
       Animate Dead      |       |       |       |       |   102 |    40 |    24 |    40 |    10 ||   216
       Regeneration      |       |       |       |       |    26 |    11 |    29 |    47 |     9 ||   122
       Blink             |       |       |       |       |     1 |       |       |       |     4 ||     5
       Death Channel     |       |       |       |       |       |     2 |     3 |     6 |     1 ||    12
       Dispel Undead     |       |       |       |       |       |       |       |    17 |    48 ||    65
       Apportation       |       |       |       |       |       |       |       |     2 |       ||     2
       Simulacrum        |       |       |       |       |       |       |       |     1 |     3 ||     4
       Aura of Abjuratio |       |       |       |       |       |       |       |       |    12 ||    12
Invok: Receive Corpses   |       |       |       |     4 |    69 |    24 |    16 |    31 |     9 ||   153
       Brand Weapon With |       |       |       |       |       |     1 |       |       |       ||     1
 Abil: Spit Poison       |    25 |    31 |    33 |    10 |     5 |       |     1 |       |       ||   105
Evoke: Wand              |       |       |     3 |     3 |    11 |    10 |     4 |     3 |     3 ||    37
       Lightning rod     |       |       |       |       |    14 |    11 |       |       |       ||    25
       Sack of spiders   |       |       |       |       |     5 |       |       |       |       ||     5
       Phantom mirror    |       |       |       |       |       |     1 |       |       |       ||     1
       Box of beasts     |       |       |       |       |       |       |     1 |       |       ||     1
       Lamp of fire      |       |       |       |       |       |       |       |     2 |     1 ||     3
       Phial of floods   |       |       |       |       |       |       |       |     1 |       ||     1
  Use: Scroll            |       |    10 |     9 |    15 |    18 |    18 |    10 |    20 |     8 ||   108
       Potion            |       |       |       |     2 |     3 |     4 |     1 |     4 |    25 ||    39
 Stab: Sleeping          |     8 |     8 |     3 |     4 |    13 |     8 |    11 |    12 |    10 ||    77
       Confused          |       |       |     7 |    21 |     4 |     3 |       |     2 |       ||    37
       Distracted        |       |       |       |       |    10 |    16 |    18 |    35 |    14 ||    93
       Petrified         |       |       |       |       |       |       |     6 |       |       ||     6
       Invisible         |       |       |       |       |       |       |     2 |       |       ||     2
  Eat: Chunk             |     3 |    10 |    13 |    29 |    32 |    17 |    10 |     4 |     4 ||   122
       Royal jelly       |       |       |     1 |     1 |     1 |     4 |     2 |       |       ||     9
       Bread ration      |       |       |       |     5 |     6 |     3 |     5 |     6 |     2 ||    27
       Meat ration       |       |       |       |       |     2 |     1 |       |     3 |       ||     6
Armor: Leather armour    |     3 |     4 |    29 |    79 |       |       |       |       |       ||   115
       Robe              |     1 |    77 |     3 |    26 |   128 |       |       |       |       ||   235
       Ring mail         |       |       |       |       |   188 |   687 |   594 |   637 |   205 ||  2311
Dodge: Dodged            |    28 |   146 |    86 |   312 |   380 |   279 |   221 |   210 |    68 ||  1730
       Deflected         |       |       |       |       |     2 |     1 |    41 |    29 |     7 ||    80
Block: Buckler           |       |       |    22 |    87 |    75 |       |       |       |       ||   184
       Shield            |       |       |       |       |   188 |   665 |   357 |       |       ||  1210
       Large shield      |       |       |       |       |       |       |   646 |  1253 |   438 ||  2337

Vault maps used:
D:1:      mrwooster_arrival_statue_3, minmay_pentomino_u2
D:2:      fedhas_altar_fruit_tree
D:3:      grunt_temple_overflow_magic_moments, minmay_snake_closets
D:4:      elyvilon_altar_4, lemuel_round_altar, first_bread, serial_shops, shop
D:5:      nicolae_tso_besieged_by_evil
D:6:      nicolae_overflow_crystal_walls, nemelex_xobeh_ov_fountains_minmay,
          minmay_temple_entry_mist, basic_altar, grunt_decor_cap,
          trog_hazing_becter
D:7:      ashenzari_conservatory_becter, minitemple, brannock_xom_greatest_gift,
          serial_shops, nicolae_shop_behind_doors, grunt_livestock
D:8:      nicolae_ossuary_entry_catacombs, basic_altar, uniq_maurice
D:9:      zin_academy, erik_lair_island, interstate_on_off, uniq_psyche
D:10:     grunt_decor_arrowhead, uniq_grum
D:12:     serial_shops, shop_fountains, disabler_island
D:13:     david_vaults_4, kennysheep_generic_room_5
D:14:     enter_trove_2, old_standard_altar, hex_tiny, uniq_azrael
D:15:     hangedman_depths_entry_try_elsewhere_first, minmay_strange_pillars
Lair:2:   beast_lair_carwin_large_4, nicolae_spider_entry_orb_guardian
Lair:3:   basic_altar, grunt_forest_large_clearings
Lair:4:   minmay_swamp_entry_reptiles, minmay_lair_oklob_chamber,
          infiniplex_staircase_pool_2
Lair:5:   zaba_anthell
Lair:6:   hangedman_lair_in_review, minmay_slime_entry_pillars
Swamp:1:  nicolae_swamp_very_dense_foliage, uniq_frances
Swamp:2:  nicolae_swamp_phyte_club, evilmike_swamp_ruin_house_6, swamp_pool1
Swamp:3:  evilmike_swamp_ruin_house_5, swamp_pool1, statue_in_the_mist_lemuel,
          uniq_roxanne, uniq_mara
Swamp:4:  swamp_basic_johnstein, swamp_pool1, nicolae_swamp_triple_paths,
          nicolae_swamp_round_clearing
Spider:2: nicolae_crawler_farm
Spider:3: mumra_spider_spiderweb
Orc:2:    grunt_orc_community_town_hall, grunt_orc_community_big_house_1,
          grunt_orc_community_big_house_1, grunt_orc_community_house_1,
          grunt_orc_community_house_3, grunt_orc_community_house_1,
          grunt_orc_community_house_1, lab_entry_generic,
          nicolae_volcano_entry_vermiform, uniq_josephine, uniq_erolcha,
          uniq_nessos
Elf:1:    eino_elf_arrival_sip, serial_shops, shop, shop_scrolls, shop, shop,
          portal_desolation_entry_holy_temple, hangedman_elf_disciples,
          corner_web_ring
Elf:2:    serial_shops, shop, special_room,
          minmay_the_grid_square_5x5_3x3_mashed, basic_stair_grate_trap
Elf:3:    minmay_elf_hall_x, uniq_bai_suzhen
Vaults:1: v_alt_pattern_5, nicolae_vaults_stairing_the_circle,
          vaults_room_grunt_arrival_ludios, vaults_mumra_hexcomb, v_misc_19,
          vaults_mumra_chevron_long, nicolae_vaults_alarming, v_misc_16,
          grunt_vaults_diagonal, vaults_mumra_minichess_inversion, serial_shops,
          nicolae_shop_waterfront, uniq_nikola
Vaults:2: st_cross, nicolae_vaults_network_star, hangedman_vaults_locks,
          v_misc_9, vaults_dpeg_diagonal, hangedman_vaults_restitches,
          nicolae_vaults_little_squares_4, grunt_vaults_hallway_short
Vaults:3: minmay_crypt_entry_simple_statues, v_misc_15, v_misc_26,
          grunt_vaults_hallway_short, v_rooms_5, v_misc_4,
          nicolae_vaults_puzzle_piece, hangedman_vaults_impose,
          vaults_room_grid, ontoclasm_vaults_idyll,
          nicolae_vaults_diagonal_hallway_7, hangedman_vaults_maws,
          nicolae_vaults_rhombus_5, nicolae_vaults_little_ls
Vaults:4: nicolae_vaults_shelves_hall, hangedman_vaults_pinch, v_misc_2,
          grunt_vaults_funnel, nicolae_vaults_sealed_display,
          ontoclasm_vaults_decontamination, hangedman_vaults_nails,
          vaults_dpeg_spiral, nicolae_vaults_little_squares_5, st_check,
          uniq_xtahua, uniq_boris
Vaults:5: serial_shops, uniq_jory
Crypt:2:  st_stairs_12
Crypt:3:  quadcrypt_mu
Depths:1: minmay_misc_feat_nine_boxes, pf_hell_entry_great_geh,
          basic_loot_grate_trap, minmay_crystal_box, uniq_asterion
Depths:2: minmay_connected_triangles_in_corner, enter_ziggurat_b,
          minmay_misc_feat_more_columns, hell_entry
Depths:3: cheibrodos_hall_of_evolution, grunt_pan_entry_in_and_out,
          hangedman_coc_ice_floe, grunt_decor_mini_mirrors,
          hangedman_abyss_entry_splay, infiniplex_staircase_door_maze,
          uniq_enchantress
Abyss:2:  evilmike_abyss_exit_10
Lab:      nicolae_lab_starburst, nicolae_lab_blocks, nicolae_lab_swirl,
          nicolae_lab_hexagon, nicolae_lab_statue, nicolae_lab_diamond
Trove:    trove_armour_2
Ossuary:  ossuary_due_mausoleum

Table legend:
 A = Turns spent in this place as a percentage of turns spent in the entire game.
 B = Non-inter-level travel turns spent in this place as a percentage of non-inter-level travel turns spent in the entire game.
 C = Inter-level travel turns spent in this place as a percentage of turns spent in this place.
 D = Turns resting spent in this place as a percentage of non-inter-level travel turns spent in this place.
 E = Turns spent auto-exploring this place as a percentage of non-inter-level travel turns spent in this place.
 F = Non-inter-level travel turns spent in this place divided by the number of levels of this place that you've seen.
                   A       B       C       D       E      F
               +-------+-------+-------+-------+-------+----------------------
         Total | 100.0 | 100.0 |   0.5 |   2.1 |   6.2 | 489.2
       Dungeon |  22.8 |  22.7 |   0.7 |   3.9 |   8.0 | 385.5
          Lair |  10.8 |  10.8 |   0.8 |   3.2 |   5.8 | 456.8
         Swamp |   6.1 |   6.1 |   0.5 |   1.5 |   6.1 | 387.8
   Spider Nest |   4.2 |   4.2 |   0.4 |   1.8 |   7.6 | 358.0
  Orcish Mines |   6.3 |   6.3 |   0.2 |   1.2 |   4.5 | 800.0
   Elven Halls |   7.1 |   7.1 |   0.4 |   0.8 |   7.5 | 606.0
        Vaults |  16.2 |  16.2 |   0.5 |   2.1 |   6.6 | 824.4
         Crypt |   7.2 |   7.2 |   0.2 |   0.4 |   6.5 | 608.7
          Tomb |   3.1 |   3.1 |   0.1 |   0.8 |   2.9 | 393.0
        Depths |   7.4 |   7.4 |   0.3 |   0.8 |   7.9 | 629.0
          Hell |   0.3 |   0.3 |   0.0 |   0.0 |   0.0 |  79.0
         Abyss |   1.9 |   1.9 |   0.0 |   1.2 |   1.6 | 489.0
     Labyrinth |   2.6 |   2.6 |   0.0 |   0.0 |   0.0 | 656.0
         Trove |   0.4 |   0.4 |   0.0 |   0.0 |   0.0 |  92.0
       Ossuary |   0.8 |   0.8 |   0.0 |   1.0 |   0.0 | 197.0
    Desolation |   2.9 |   2.9 |   0.0 |   1.1 |   0.0 | 739.0
               +-------+-------+-------+-------+-------+----------------------

Table legend:
 A = Kills in this place as a percentage of kills in entire the game.
 B = Kills by you in this place as a percentage of kills by you in the entire game.
 C = Kills by friends in this place as a percentage of kills by friends in the entire game.
 D = Other kills in this place as a percentage of other kills in the entire game.
 E = Experience gained in this place as a percentage of experience gained in the entire game.
 F = Experience gained in this place divided by the number of levels of this place that you have seen.
                   A       B       C       D       E      F
               +-------+-------+-------+-------+-------+----------------------
         Total | 100.0 | 100.0 | 100.0 | 100.0 | 100.0 | 21621.6
       Dungeon |  18.4 |  19.3 |  12.6 |  27.5 |   5.1 | 3836.5
          Lair |  12.0 |  10.3 |  21.2 |  17.5 |   5.7 | 10650.5
         Swamp |   6.0 |   4.9 |  12.3 |   5.0 |   5.8 | 16169.2
   Spider Nest |   5.3 |   5.3 |   6.3 |   0.0 |   3.4 | 12815.3
  Orcish Mines |   5.7 |   5.8 |   3.2 |  25.0 |   1.7 | 9367.5
   Elven Halls |   7.1 |   7.8 |   2.0 |  17.5 |  11.1 | 41552.0
        Vaults |  20.2 |  22.2 |  11.2 |   0.0 |  34.5 | 77683.2
         Crypt |   8.0 |   8.7 |   4.9 |   0.0 |  12.7 | 47582.7
          Tomb |   3.0 |   2.8 |   4.0 |   2.5 |   3.4 | 19261.5
        Depths |   8.8 |   6.9 |  20.1 |   5.0 |  12.1 | 45375.7
          Hell |   0.1 |   0.1 |   0.3 |   0.0 |   0.3 | 3617.0
         Abyss |   1.3 |   1.6 |   0.0 |   0.0 |   1.1 | 12498.0
     Labyrinth |   0.3 |   0.4 |   0.0 |   0.0 |   0.2 | 2339.0
       Ossuary |   1.1 |   1.2 |   0.9 |   0.0 |   0.0 | 239.0
    Desolation |   2.5 |   2.8 |   1.1 |   0.0 |   2.8 | 31850.0
               +-------+-------+-------+-------+-------+----------------------
